 Dungeon Crawl Stone Soup version 0.24-a0-530-g18ba70b503 (webtiles) character file.

Game seed: 8006117611010120619

4 DEFE the Twirler (level 1, -2/16 HPs)
             Began as a Demonspawn Wanderer on Aug 7, 2019.
             Killed from afar by a dart slug (5 damage)
             ... with a slug dart
             ... on level 1 of the Dungeon.
             The game lasted 00:00:34 (165 turns).

DEFE the Twirler (Demonspawn Wanderer)               Turns: 165, Time: 00:00:35

Health: -2/16      AC:  2    Str: 12    XL:     1   Next: 50%
Magic:  2/2        EV: 11    Int: 15    God:
Gold:   0          SH:  0    Dex: 10    Spells: 2/2 levels left

rFire    . . .     SeeInvis .   (no weapon)
rCold    . . .     Gourm    .   (no shield)
rNeg     . . .     Faith    .   d - +0 robe
rPois    .         Spirit   .   (no helmet)
rElec    .         Reflect  .   (no cloak)
rCorr    .         Harm     .   (no gloves)
MR       .....                  (no boots)
Stlth    +.........             (no amulet)
HPRegen  0.05/turn              (no ring)
MPRegen  0.08/turn              (no ring)

@: no status effects
A: no striking features
a: no special abilities


You were on level 1 of the Dungeon.
You were not hungry.

You visited 1 branch of the dungeon, and saw 1 of its levels.

Inventory:

Hand Weapons
 a - a +0 club
Armour
 d - a +0 robe (worn)
Comestibles
 f - a ration


   Skills:
 + Level 2.0 Fighting
   Level 2.6 Staves
 + Level 1.8 Throwing
 * Level 0.4 Stealth
 + Level 1.1 Spellcasting
   Level 2.0 Summonings


You had 2 spell levels left.
You didn't know any spells.
Your spell library contained the following spells:

 Spells                   Type           Power        Failure   Level  Hunger
 Summon Butterflies       Summ           #.......     11%         1    ##.....
 Call Imp                 Summ           #.......     16%         2    ###....
 Animate Skeleton         Necr           N/A          24%         1    ##.....
 Magic Dart               Conj           #...         24%         1    ##.....
 Blink                    Tloc           N/A          36%         2    ###....
 Slow                     Hex            #.......     36%         2    ###....
 Summon Guardian Golem    Hex/Summ       #.......     43%         3    ####...
 Conjure Flame            Conj/Fire      #.......     58%         3    ####...
 Mephitic Cloud           Conj/Pois/Air  #.......     58%         3    ####...
 Regeneration             Chrm/Necr      #.........   58%         3    ####...


Dungeon Overview and Level Annotations

Branches:
Dungeon (1/15)

Altars:


Message History

You closely miss the kobold. The kobold closely misses you.
You closely miss the kobold. The kobold barely misses you.
The dart slug launches a dart at you. The slug dart misses you.
You hit the kobold. The kobold completely misses you.
You barely miss the kobold. The kobold hits you but does no damage.
You barely miss the kobold. The kobold hits you.
* * * LOW HITPOINT WARNING * * *
You take 2 damage, and have 3/16 hp.
Unknown command.
You aren't carrying any potions.
You hit the kobold but do no damage. The kobold barely misses you.
The dart slug barely misses you.
Unknown command.
You closely miss the kobold. The kobold misses you.
Unknown command.
You barely miss the kobold. The kobold barely misses you.
The dart slug launches a dart at you. The slug dart hits you.
You die...

#.#.........#
#. #.......#
#.#+#.....$.#
#..%........#
#...!.......#
#...........#
#.......#####
......#K###..#
##### #@# ##$#
.. #w####.#
...
#......#....
#......#....
#..........
##.....####
#..####...##
#..####....#
#..#.......#


You could see a dart slug and a kobold.

Vanquished Creatures
  A goblin (D:1)
  A hobgoblin (D:1)
  A frilled lizard (D:1)
  A rat (D:1)
4 creatures vanquished.

Notes
Turn   | Place    | Note
-------+----------+-------------------------------------------
     0 | D:1      | DEFE the Demonspawn Wanderer began the quest for the Orb.
     0 | D:1      | DEFE set off with the following items: a +0 club, a +0
                  | robe, a ration; and the following spells available to
                  | memorise: Summon Butterflies, Call Imp, Animate Skeleton,
                  | Magic Dart, Blink, Slow, Summon Guardian Golem, Conjure
                  | Flame, Mephitic Cloud, Regeneration
     0 | D:1      | Reached XP level 1. HP: 16/16 MP: 2/2
   165 | D:1      | Killed from afar by a dart slug

Levels and vault maps discovered:
D:1:      giann_horns, layout_basic, minmay_pentomino_x4

Action                   || total
-------------------------++-------
Melee: Club              ||    16
       Unarmed           ||    11
Armor: Robe              ||     6
Dodge: Dodged            ||    15

Table legend:
 A = Non-vault XP
 B = Vault XP
 C = Vault XP percentage of total XP
 D = Non-vault monster count
 E = Vault monster count
 F = Vault count percentage of total count
                 A         B        C        D         E       F
            +---------+---------+-------+---------+---------+-------
      Total |       3 |       3 |  50.0 |       2 |       2 |  50.0
            +---------+---------+-------+---------+---------+-------
        D:1 |       3 |       3 |  50.0 |       2 |       2 |  50.0
            +---------+---------+-------+---------+---------+-------
